[Event "Titled Tuesday Blitz August 09 Early 2022"]
[White "Nasir, Zehn"]
[Black "Dev, Shah"]
[WhiteFideId "2613239"]
[BlackFideId "35019058"]
[WhiteElo "1993"]
[BlackElo "2048"]
[Result "1/2-1/2"]
[Round "06"]
[TimeControl "180+1"]
[Date "2022.08.09"]
[WhiteClock "0:00:04"]
[BlackClock "0:00:59"]

1. d4 d5 2. Bf4 Nf6 3. e3 e6 4. Bd3 c5 5. c3 Bd6 6. Bg3 Qc7 7. f4 Nbd7 8. Nd2 b6 9. Ngf3 Bb7 10. Ne5 Ne4 11. Nxe4 dxe4 12. Bb5 Bxe5 13. fxe5 a6 14. Ba4 b5 15. Bc2 Qc6 16. O-O c4 17. Rf4 f5 18. exf6 Nxf6 19. Bh4 O-O-O 20. Bxf6 gxf6 21. Bxe4 Qb6 22. Bxb7+ Qxb7 23. Qf3 Qxf3 24. gxf3 f5 25. Kf2 Rhg8 26. Rg1 Rxg1 27. Kxg1 b4 28. e4 Rxd4 29. Kf2 Rd2+ 30. Ke3 Rxb2 31. cxb4 Rxb4 32. exf5 exf5 33. Rxf5 Ra4 34. Kd4 Rxa2 35. Rh5 Rd2+ 36. Kxc4 Rd7 37. Kc5 Rf7 38. Kb6 Rf6+ 39. Ka5 h6 40. h4 Kd7 41. f4 Ke7 42. Re5+ Kf7 43. f5 Rd6 44. Rc5 Kf6 45. Rc8 Kxf5 46. Rg8 Rg6 47. Rf8+ Kg4 48. Rf1 Kxh4 49. Rh1+ Kg5 50. Rg1+ Kf6 51. Rf1+ Kg7 52. Rh1 Re6 53. Rg1+ Kh7 54. Rh1 Kg7 55. Rg1+ Kf7 56. Rf1+ Ke7 57. Rh1 Kf8 58. Rf1+ Kg7 59. Rg1+ 1/2-1/2


[Site "https://www.chess.com"]

[Event "Titled Tuesday Blitz August 09 Early 2022"]
[White "Nemurov, Aleksandr"]
[Black "Omariev, Maksim"]
[WhiteFideId "4194187"]
[BlackFideId "4193423"]
[WhiteElo "2190"]
[BlackElo "2511"]
[Result "1-0"]
[Round "06"]
[TimeControl "180+1"]
[Date "2022.08.09"]
[WhiteClock "0:00:23"]
[BlackClock "0:00:01"]

1. b3 e5 2. Bb2 Nc6 3. e3 Nf6 4. Bb5 Bd6 5. Na3 Qe7 6. Nc4 a6 7. Nxd6+ cxd6 8. Be2 d5 9. Nf3 d6 10. O-O O-O 11. c4 Bf5 12. a3 Rfc8 13. d3 h6 14. cxd5 Na7 15. e4 Bh7 16. Qd2 Nd7 17. Rfc1 Nc5 18. Qd1 f5 19. exf5 Bxf5 20. d4 Nd7 21. dxe5 dxe5 22. d6 Qf6 23. Qd5+ Be6 24. Qxb7 Rcb8 25. Qe4 Bxb3 26. Rc7 Be6 27. Bc4 Kh8 28. Nxe5 Bxc4 29. Ng6+ Qxg6 30. Qxg6 Rxb2 31. Rxd7 Rg8 32. Rxa7 Bb5 33. Rd1 Re2 34. h3 1-0


[Site "https://www.chess.com"]

[Event "Titled Tuesday Blitz August 09 Early 2022"]
[White "Niyazgulova, Marina"]
[Black "Sailer, Mike"]
[WhiteFideId "24142573"]
[BlackFideId "2012901"]
[WhiteElo "1986"]
[BlackElo "2109"]
[Result "1-0"]
[Round "06"]
[TimeControl "180+1"]
[Date "2022.08.09"]
[WhiteClock "0:00:09"]
[BlackClock "0:00:17"]

1. d4 d5 2. Nf3 Bf5 3. c4 e6 4. Nc3 Nc6 5. Qb3 Bb4 6. Bf4 Nf6 7. e3 a5 8. a3 a4 9. Qd1 Bxc3+ 10. bxc3 Ne4 11. Qc1 Na5 12. Qb2 dxc4 13. Bxc4 Nxc4 14. Qb5+ c6 15. Qxc4 O-O 16. O-O Qd5 17. Qxd5 exd5 18. Rfc1 f6 19. h3 h5 20. Kf1 g5 21. Bh2 g4 22. hxg4 hxg4 23. Nh4 Bh7 24. Ke2 Kf7 25. Bf4 b5 26. f3 gxf3+ 27. gxf3 Ng5 28. Rg1 Rg8 29. Rg3 Ne6 30. Bd6 Rxg3 31. Bxg3 Rg8 32. Kf2 Nf8 33. Rh1 Bd3 34. Ng2 Nd7 35. Nf4 Bf5 36. Rh5 Bc2 37. Rh6 Rg6 38. Nxg6 Kg7 39. Rh1 Kxg6 40. Rh8 Nb6 41. Bd6 Nc4 42. Bb4 Bf5 43. Ra8 Kf7 44. Ra6 Bd7 45. Ra7 Ke6 46. e4 dxe4 47. fxe4 Be8 48. Ke2 Bd7 49. Kf2 Be8 50. Re7# 1-0


[Site "https://www.chess.com"]

[Event "Titled Tuesday Blitz August 09 Early 2022"]
[White "Orlov, Georgi"]
[Black "Pinero Rodriguez, Carlos Jose"]
[WhiteFideId "2011271"]
[BlackFideId "3901726"]
[WhiteElo "2597"]
[BlackElo "2053"]
[Result "0-1"]
[Round "06"]
[TimeControl "180+1"]
[Date "2022.08.09"]
[WhiteClock "0:00:11"]
[BlackClock "0:01:03"]

1. d4 d5 2. Nf3 Nf6 3. c4 c6 4. Nc3 e6 5. e3 Bb4 6. Bd3 h6 7. O-O O-O 8. Qc2 Re8 9. Bd2 Bf8 10. e4 Nxe4 11. Nxe4 dxe4 12. Bxe4 Nd7 13. Rad1 Nf6 14. Bd3 c5 15. dxc5 Bd7 16. b4 a5 17. a3 axb4 18. axb4 Ba4 19. Qb1 Bxd1 20. Rxd1 Qc7 21. Bc3 Be7 22. Be5 Qc6 23. Nd4 Qa4 24. Nb5 Red8 25. Nd6 Bxd6 26. cxd6 Qa2 27. Bxf6 Qxb1 28. Bxb1 gxf6 29. c5 Ra4 30. b5 Rc4 31. c6 bxc6 32. b6 Rb4 33. g3 Rxb6 34. Be4 f5 35. Bf3 c5 36. d7 Kf8 37. Rc1 Rb5 38. Bc6 Ra5 39. Rc4 Ke7 40. Ba4 Kd6 41. Kg2 Kd5 42. Bb3 Kc6 43. Ba4+ Rxa4 44. Rxa4 Rxd7 45. Rh4 Kb5 46. Rxh6 c4 47. Rh8 Rc7 48. Rb8+ Ka4 49. Kf3 c3 50. Rb1 c2 51. Rc1 Kb3 52. Ke2 Rd7 0-1


[Site "https://www.chess.com"]

[Event "Titled Tuesday Blitz August 09 Early 2022"]
[White "Orzech, Dominik"]
[Black "Shpanko, Nadiia"]
[WhiteFideId "1115065"]
[BlackFideId "14132400"]
[WhiteElo "2272"]
[BlackElo "2139"]
[Result "1-0"]
[Round "06"]
[TimeControl "180+1"]
[Date "2022.08.09"]
[WhiteClock "0:00:24"]
[BlackClock "0:00:37"]

1. Nf3 d5 2. c4 d4 3. g3 Nc6 4. Bg2 e5 5. O-O Be7 6. d3 Nf6 7. b4 Bxb4 8. Nxe5 Nxe5 9. Qa4+ Nc6 10. Bxc6+ bxc6 11. Qxb4 Qd6 12. Qa5 Bh3 13. Ba3 c5 14. Bxc5 Qc6 15. f3 Bxf1 16. Kxf1 Nd7 17. Ba3 Qb6 18. Qa4 c5 19. Nd2 Qc7 20. Ne4 O-O 21. Rb1 Rab8 22. Rb5 Rxb5 23. cxb5 Rc8 24. Qc4 Qa5 25. Nd6 Rc7 26. Qxf7+ Kh8 27. Qe8+ 1-0


[Site "https://www.chess.com"]

[Event "Titled Tuesday Blitz August 09 Early 2022"]
[White "Ovezdurdyyeva, Jemal"]
[Black "Reprintsev, Alexander"]
[WhiteFideId "14001888"]
[BlackFideId "14100541"]
[WhiteElo "1946"]
[BlackElo "2108"]
[Result "0-1"]
[Round "06"]
[TimeControl "180+1"]
[Date "2022.08.09"]
[WhiteClock "0:00:01"]
[BlackClock "0:00:08"]

1. e4 d5 2. exd5 Qxd5 3. Nc3 Qa5 4. d4 Nf6 5. Nf3 Nc6 6. Bb5 Ne4 7. Bxc6+ bxc6 8. O-O Nxc3 9. bxc3 Bf5 10. Bd2 e6 11. Ne5 Bd6 12. Nxc6 Qa4 13. Nb4 O-O 14. Re1 Rab8 15. h3 Rfd8 16. Nd3 h6 17. Qc1 Ba3 18. Qd1 c5 19. Be3 c4 20. Ne5 Bb2 21. Qh5 Bxa1 22. Qxf7+ Kh8 23. Rxa1 Qe8 24. Qxa7 Ra8 25. Qc5 Rdc8 26. Qb4 Bxc2 27. Qb2 Be4 28. Qd2 Bd5 29. a4 Ra7 30. Qc2 Kg8 31. Ng4 Qh5 32. Bxh6 Qf5 33. Qxf5 exf5 34. Ne3 Bc6 35. Bf4 Rxa4 36. Rb1 Be4 37. Rb5 g6 38. d5 Ra3 39. d6 Rxc3 40. d7 Rd8 41. Rb7 Rd3 42. Nxc4 R3xd7 43. Rb6 Kh7 44. Ne5 Rg7 45. h4 Rd1+ 46. Kh2 Rf1 47. f3 Bc2 48. h5 gxh5 49. Rh6+ Kg8 50. Rxh5 Rf2 51. Bg3 Re2 52. Rh6 Rxg3 53. Kxg3 Rxe5 54. Kf4 Ra5 55. g3 Kg7 56. Rb6 Ra4+ 57. Kg5 Ra5 58. Rb7+ Kf8 59. g4 fxg4+ 60. Kxg4 Bd1 61. Rd7 Be2 62. Rd2 Ba6 63. f4 Bc8+ 64. Kg3 Ke7 65. Rc2 Bd7 66. Rb2 Ra3+ 67. Kh4 Rf3 68. Kg5 Rg3+ 69. Kh4 Rg4+ 70. Kh5 Rxf4 71. Re2+ Be6 72. Kg5 Rg4+ 73. Kh5 Rg1 74. Re3 Kf6 75. Kh4 Bf5 0-1


[Site "https://www.chess.com"]

[Event "Titled Tuesday Blitz August 09 Early 2022"]
[White "Petrova, Irina"]
[Black "Leschinsky, Gary"]
[WhiteFideId "14124122"]
[BlackFideId "30951321"]
[WhiteElo "2021"]
[BlackElo "1809"]
[Result "1-0"]
[Round "06"]
[TimeControl "180+1"]
[Date "2022.08.09"]
[WhiteClock "0:01:29"]
[BlackClock "0:00:51"]

1. e4 c5 2. Nf3 e6 3. b3 d6 4. Bd3 Nc6 5. O-O Nf6 6. Re1 e5 7. Bb2 Be7 8. Bf1 O-O 9. c3 Re8 10. d4 Bg4 11. d5 Nb8 12. h3 Bxf3 13. Qxf3 Nbd7 14. Nd2 a6 15. a4 Rf8 16. a5 g6 17. Nc4 Ne8 18. Qg3 Ng7 19. f4 Bh4 20. Qf3 Bxe1 21. Rxe1 Qe7 22. f5 Rfb8 23. Bd3 b5 24. axb6 Nxb6 25. f6 Qd8 26. fxg7 Nxc4 27. Bxc4 Kxg7 28. Rf1 Qe7 29. Bc1 f6 30. Qe3 g5 31. Qf3 a5 32. h4 h6 33. Qf5 a4 34. bxa4 Rxa4 35. Be2 Qf7 36. hxg5 hxg5 37. Bxg5 fxg5 38. Qxf7+ 1-0


[Site "https://www.chess.com"]

[Event "Titled Tuesday Blitz August 09 Early 2022"]
[White "Piesik, Piotr"]
[Black "Kukreja, Sankalp"]
[WhiteFideId "1136194"]
[BlackFideId "45027676"]
[WhiteElo "2221"]
[BlackElo "2004"]
[Result "1-0"]
[Round "06"]
[TimeControl "180+1"]
[Date "2022.08.09"]
[WhiteClock "0:01:23"]
[BlackClock "0:01:13"]

1. Nf3 d5 2. g3 Nf6 3. Bg2 c6 4. O-O Bf5 5. d3 e6 6. Nbd2 h6 7. Qe1 Be7 8. e4 dxe4 9. dxe4 Bh7 10. Qe2 O-O 11. a4 Nbd7 12. b3 Re8 13. Bb2 a5 14. Rfd1 Qc7 15. Ne1 Rad8 16. Nd3 Nc5 17. Nxc5 Bxc5 18. Nc4 e5 19. Rxd8 Qxd8 20. Nxe5 Bd4 21. Rd1 c5 22. Bxd4 cxd4 23. f4 Qb6 24. Kh1 Rc8 25. Nc4 Qc5 26. e5 Nd5 27. Bxd5 Qxd5+ 28. Kg1 Be4 29. Nb6 Rxc2 30. Nxd5 Rxe2 31. Rxd4 Bc2 32. b4 axb4 33. Rxb4 Kh7 34. a5 Be4 35. Nc3 Bc6 36. Nxe2 1-0


[Site "https://www.chess.com"]

[Event "Titled Tuesday Blitz August 09 Early 2022"]
[White "Ponce Cano, Adrian"]
[Black "Fernandez Siles, Luis"]
[WhiteFideId "22296913"]
[BlackFideId "2209420"]
[WhiteElo "2261"]
[BlackElo "2211"]
[Result "1-0"]
[Round "06"]
[TimeControl "180+1"]
[Date "2022.08.09"]
[WhiteClock "0:00:10"]
[BlackClock "0:00:05"]

1. e4 c5 2. Nf3 Nc6 3. c3 d5 4. exd5 Qxd5 5. Na3 Bg4 6. Be2 e6 7. O-O Nf6 8. Nb5 Rc8 9. d4 cxd4 10. Nbxd4 Nxd4 11. Nxd4 h5 12. f3 Bd6 13. fxg4 hxg4 14. g3 Qh5 15. Bb5+ Ke7 16. Qe2 Ne4 17. Bf4 Bc5 18. Bd3 Ng5 19. Bxg5+ Qxg5 20. Rae1 Rh3 21. Qf2 f6 22. Rxe6+ Kf8 23. Re3 Rd8 24. Ne6+ Kf7 25. Nxg5+ 1-0


[Site "https://www.chess.com"]

[Event "Titled Tuesday Blitz August 09 Early 2022"]
[White "Pulpan, Jakub"]
[Black "Gurel, Ediz"]
[WhiteFideId "302759"]
[BlackFideId "44507356"]
[WhiteElo "2666"]
[BlackElo "2829"]
[Result "1-0"]
[Round "06"]
[TimeControl "180+1"]
[Date "2022.08.09"]
[WhiteClock "0:00:03"]
[BlackClock "0:00:03"]

1. Nf3 d5 2. d4 Nf6 3. c4 c6 4. Nbd2 Bf5 5. Nh4 Bd7 6. Nhf3 Bf5 7. Nh4 Be6 8. e3 g6 9. Nhf3 Bg7 10. b3 O-O 11. Bb2 Nbd7 12. Be2 a5 13. a3 Bf5 14. Nh4 Be6 15. Nhf3 h6 16. O-O Bf5 17. Nh4 Be6 18. Nhf3 a4 19. b4 dxc4 20. Nxc4 Nb6 21. Nxb6 Qxb6 22. Rc1 Rfd8 23. Qc2 Bb3 24. Qb1 Bd5 25. Nd2 Be6 26. Qc2 Nd5 27. Bd3 Qc7 28. Ne4 Bf5 29. b5 e5 30. bxc6 exd4 31. Nc5 Bxd3 32. Qxd3 bxc6 33. Bxd4 Nf4 34. Qe4 Bxd4 35. exf4 Rd5 36. Nd3 Qd6 37. Nb4 Rf5 38. Nxc6 Rxf4 39. Ne7+ Kg7 40. Qxa8 Qxe7 41. g3 Rf6 42. Rce1 Qxa3 43. Re8 Rd6 44. Rg8+ Kh7 45. Qe8 Qb3 46. Rf8 Kg7 47. Rh8 h5 48. Qg8+ Kf6 49. Rh7 Qe6 50. Qh8+ Kg5 51. Qf8 a3 52. h4+ Kg4 53. Qa8 Ra6 54. Qg2 a2 55. Rxf7 a1=Q 56. Qf3+ Kh3 57. Qh1+ Kg4 58. Rf4# 1-0


[Site "https://www.chess.com"]

[Event "Titled Tuesday Blitz August 09 Early 2022"]
[White "Quirke, Jeffrey"]
[Black "Hoffmann, Asa"]
[WhiteFideId "2013029"]
[BlackFideId "2001470"]
[WhiteElo "2220"]
[BlackElo "2117"]
[Result "0-1"]
[Round "06"]
[TimeControl "180+1"]
[Date "2022.08.09"]
[WhiteClock "0:00:01"]
[BlackClock "0:01:03"]

1. d4 Nf6 2. c4 c5 3. d5 e5 4. Nc3 d6 5. e4 Be7 6. Bd3 Nbd7 7. h3 Nf8 8. Nge2 Ng6 9. g3 O-O 10. h4 Ne8 11. Qc2 Bg4 12. Bd2 a6 13. a4 Nc7 14. a5 Rb8 15. Kf1 Qd7 16. Kg2 f5 17. exf5 Bxf5 18. Bxf5 Rxf5 19. Ne4 Rbf8 20. Be3 Ne8 21. h5 Nh8 22. N2c3 h6 23. Rab1 Nf7 24. b4 cxb4 25. Rxb4 Bg5 26. Qd2 Bxe3 27. Qxe3 Ng5 28. Rhb1 Nxe4 29. Nxe4 Rxh5 30. Rh1 Rxh1 31. Kxh1 Qh3+ 32. Kg1 Rf5 33. g4 Qxg4+ 34. Ng3 Rf4 35. Rxb7 Rxc4 36. Rb8 Rc8 37. Qa7 Kh7 38. Rxc8 Qxc8 39. Qf7 Nf6 40. Kg2 Qg4 0-1


[Site "https://www.chess.com"]

[Event "Titled Tuesday Blitz August 09 Early 2022"]
[White "Ramirez Vido, Robert Yorisan"]
[Black "Floresvillar Gonzalez, Luis Migu"]
[WhiteFideId "3513823"]
[BlackFideId "5100542"]
[WhiteElo "2417"]
[BlackElo "2040"]
[Result "1-0"]
[Round "06"]
[TimeControl "180+1"]
[Date "2022.08.09"]
[WhiteClock "0:00:16"]
[BlackClock "0:00:01"]

1. f4 e5 2. fxe5 d6 3. exd6 Bxd6 4. Nf3 Nc6 5. c3 Nh6 6. d4 Ng4 7. Qd3 Nxh2 8. Nxh2 Qh4+ 9. Kd1 Bxh2 10. Nd2 Bg4 11. Qe4+ Ne7 12. Nf3 Qg3 13. Nxh2 Bf5 14. Qf4 Qg6 15. Nf3 Qb6 16. e4 Bg6 17. Ne5 O-O-O 18. Bd2 f6 19. Nc4 Qc6 20. Bd3 b5 21. Na5 Qb6 22. Nb3 a6 23. Kc2 c5 24. dxc5 Qc6 25. Rh3 Rxd3 26. Rxd3 Bxe4 27. Re1 1-0


[Site "https://www.chess.com"]

[Event "Titled Tuesday Blitz August 09 Early 2022"]
[White "Rangel, Daniel"]
[Black "Lehtosaari, Mauri"]
[WhiteFideId "2124475"]
[BlackFideId "501999"]
[WhiteElo "2225"]
[BlackElo "2493"]
[Result "0-1"]
[Round "06"]
[TimeControl "180+1"]
[Date "2022.08.09"]
[WhiteClock "0:00:09"]
[BlackClock "0:00:23"]

1. b3 Nf6 2. Bb2 d5 3. Bxf6 gxf6 4. g3 Bf5 5. Bg2 c6 6. d3 e5 7. Nd2 Bc5 8. e4 Be6 9. c4 Na6 10. Ne2 Nb4 11. Nc1 Bd4 12. a3 Bxa1 13. axb4 Bc3 14. O-O Bxb4 15. exd5 cxd5 16. cxd5 Bxd5 17. Ne4 Be7 18. Ne2 f5 19. N4c3 Bxg2 20. Kxg2 Rc8 21. f4 Qa5 22. fxe5 Rxc3 23. Nxc3 Qxc3 24. Rxf5 Qd4 25. Qh5 Qd5+ 26. Kh3 Qe6 27. g4 h6 28. d4 Qxb3+ 29. Kg2 Qd5+ 30. Kg1 Rg8 31. Qxh6 Rxg4+ 32. Kf1 Qh1+ 33. Ke2 Qg2+ 34. Ke3 Qg1+ 35. Kd3 Qb1+ 36. Ke3 Qxf5 37. Qh8+ Kd7 38. Qh3 Re4+ 39. Kd3 Qxh3+ 40. Kc4 Qe6+ 41. Kd3 Rh4 42. Kc3 Qd5 43. Kd3 Qxd4+ 44. Kc2 Rxh2+ 45. Kb3 Rb2# 0-1


[Site "https://www.chess.com"]

[Event "Titled Tuesday Blitz August 09 Early 2022"]
[White "Rohith Krishna S"]
[Black "Drozdowski, Kacper"]
[WhiteFideId "46617051"]
[BlackFideId "1136720"]
[WhiteElo "2756"]
[BlackElo "2956"]
[Result "0-1"]
[Round "06"]
[TimeControl "180+1"]
[Date "2022.08.09"]
[WhiteClock "0:00:16"]
[BlackClock "0:00:47"]

1. Nf3 d5 2. g3 c6 3. Bg2 Nf6 4. O-O Bg4 5. h3 Bh5 6. d4 Nbd7 7. b3 e6 8. Bb2 Bd6 9. c4 O-O 10. Nc3 Qe7 11. Nd2 Rad8 12. Qe1 e5 13. dxe5 Bxe5 14. cxd5 cxd5 15. e3 Rfe8 16. Nf3 Bxf3 17. Bxf3 Nc5 18. Qd1 d4 19. exd4 Rxd4 20. Qc2 Nd3 21. Ne2 Rdd8 22. Bxe5 Nxe5 23. Bg2 Nd3 24. Bf3 h5 25. Rad1 Ne5 26. Bg2 h4 27. g4 Ng6 28. Rxd8 Rxd8 29. Rc1 Re8 30. Bf1 Ne4 31. Nd4 Ng5 32. Qd2 Rd8 33. Bg2 Qe5 34. Qe3 Rxd4 35. Qxe5 Nxe5 36. Bxb7 Nxh3+ 37. Kh2 Nf4 38. f3 Rd2+ 39. Kh1 Rxa2 40. Be4 g6 41. Rc5 f6 42. Rc7 a5 43. Ra7 Kf8 44. b4 Ne2 45. Rxa5 Rb2 46. Ra8+ Ke7 47. Bd5 Ng3+ 48. Kg1 h3 49. Rh8 Rg2# 0-1


[Site "https://www.chess.com"]

[Event "Titled Tuesday Blitz August 09 Early 2022"]
[White "Rostomyan, Mikayel"]
[Black "Martin Barcelo, Carles"]
[WhiteFideId "13313754"]
[BlackFideId "24561444"]
[WhiteElo "1426"]
[BlackElo "1922"]
[Result "1-0"]
[Round "06"]
[TimeControl "180+1"]
[Date "2022.08.09"]
[WhiteClock "0:00:31"]
[BlackClock "0:00:05"]

1. Nf3 b6 2. e4 Bb7 3. Nc3 g6 4. d4 Bg7 5. Be3 d6 6. Bd3 Nd7 7. Qd2 e5 8. O-O-O Ne7 9. h4 h5 10. Rhg1 exd4 11. Nxd4 Nc5 12. f3 Qd7 13. Bb5 c6 14. Be2 O-O-O 15. Nb3 Qe6 16. Kb1 Nxb3 17. axb3 d5 18. exd5 Nxd5 19. Nxd5 Qxd5 20. Qxd5 Rxd5 21. Bc4 Rxd1+ 22. Rxd1 Re8 23. Bf4 Re7 24. Bg5 f6 25. Bf4 b5 26. Bd3 f5 27. g4 hxg4 28. fxg4 Be5 29. Re1 Bd6 30. Rxe7 Bxe7 31. gxf5 gxf5 32. Bxf5+ Kd8 33. h5 Bf6 34. h6 c5 35. Bd6 c4 36. bxc4 bxc4 37. Bf8 Ke8 38. Bc5 Bd5 39. Bxa7 Kf7 40. h7 Bg7 41. Be3 Kf8 42. Kc1 Kf7 43. c3 Bc6 44. Bd4 Bd5 45. h8=Q Bxh8 46. Bxh8 Ke7 47. Bd4 Kd6 48. Bc2 Kc6 49. Kd2 Kb5 50. Ke3 Bg8 51. Kf4 Bf7 52. Ke5 Bg8 53. Kd6 Bf7 54. Be4 Ka4 55. Bd5 Bxd5 56. Kxd5 Kb3 57. Kc5 Kxb2 58. Kxc4 Ka3 59. Kb5 Kb3 60. c4 Kc2 61. c5 1-0


[Site "https://www.chess.com"]

[Event "Titled Tuesday Blitz August 09 Early 2022"]
[White "Samadov, Read"]
[Black "Mitrabha, Guha"]
[WhiteFideId "13417444"]
[BlackFideId "5057000"]
[WhiteElo "2926"]
[BlackElo "2761"]
[Result "1-0"]
[Round "06"]
[TimeControl "180+1"]
[Date "2022.08.09"]
[WhiteClock "0:01:10"]
[BlackClock "0:00:32"]

1. d4 Nf6 2. c4 e6 3. Nf3 b6 4. g3 Ba6 5. Qc2 c5 6. d5 exd5 7. cxd5 Nxd5 8. Qe4+ Ne7 9. Qxa8 Nec6 10. Bf4 d6 11. e4 Bxf1 12. Kxf1 Qc8 13. e5 Be7 14. exd6 Bf6 15. Nc3 O-O 16. Nd5 Bxb2 17. Re1 Qa6+ 18. Kg2 1-0


[Site "https://www.chess.com"]

[Event "Titled Tuesday Blitz August 09 Early 2022"]
[White "Samant Aditya S"]
[Black "Azarov, Sergei"]
[WhiteFideId "35080580"]
[BlackFideId "13501470"]
[WhiteElo "2641"]
[BlackElo "2797"]
[Result "1-0"]
[Round "06"]
[TimeControl "180+1"]
[Date "2022.08.09"]
[WhiteClock "0:00:07"]
[BlackClock "0:00:12"]

1. Nf3 Nf6 2. b3 e6 3. Bb2 d5 4. e3 Be7 5. c4 b6 6. Nc3 Bb7 7. cxd5 exd5 8. d4 O-O 9. Bd3 a6 10. O-O Nbd7 11. Qc2 Bd6 12. Ne2 Re8 13. Ng3 g6 14. Rfe1 Qe7 15. Rac1 a5 16. Ne2 Ne4 17. Nc3 Nxc3 18. Bxc3 Nf6 19. Bb2 Ne4 20. Ne5 Rac8 21. f3 c5 22. Qb1 Nf6 23. Qa1 Nd7 24. Bb5 Bxe5 25. dxe5 Bc6 26. Bxc6 Rxc6 27. Rcd1 Nxe5 28. Rxd5 Re6 29. e4 c4 30. Bxe5 Rxe5 31. bxc4 f5 32. Rxe5 Qxe5 33. Qxe5 Rxe5 34. Kf2 Rc5 35. Rc1 b5 36. Ke3 fxe4 37. fxe4 b4 38. Kd4 Rc8 39. c5 Kf7 40. c6 Ke6 41. Kc5 Ke5 42. Kb6 a4 43. Rc4 b3 44. axb3 axb3 45. c7 b2 46. Rb4 b1=Q 47. Rxb1 Kxe4 48. Kb7 Re8 49. Re1+ 1-0


[Site "https://www.chess.com"]

[Event "Titled Tuesday Blitz August 09 Early 2022"]
[White "Samunenkov, Ihor"]
[Black "Malyi, Viacheslav"]
[WhiteFideId "14187086"]
[BlackFideId "14123983"]
[WhiteElo "2441"]
[BlackElo "2190"]
[Result "1-0"]
[Round "06"]
[TimeControl "180+1"]
[Date "2022.08.09"]
[WhiteClock "0:00:14"]
[BlackClock "0:00:13"]

1. e4 e5 2. Nf3 Nc6 3. Bb5 a6 4. Ba4 Nf6 5. O-O b5 6. Bb3 Bc5 7. c3 d6 8. d4 Bb6 9. Be3 O-O 10. Nbd2 Rb8 11. Re1 Bg4 12. Qb1 Re8 13. a4 Bh5 14. axb5 axb5 15. Qd3 Qd7 16. h3 Bg6 17. dxe5 Nxe5 18. Nxe5 dxe5 19. Qxd7 Nxd7 20. Bxb6 Nxb6 21. Ra7 c5 22. Nf3 c4 23. Bc2 f6 24. Rd1 Ra8 25. Rda1 Kf8 26. R1a6 Rxa7 27. Rxa7 Ra8 28. Rb7 Na4 29. Rxb5 Be8 30. Rb4 Ke7 31. Nd2 Nc5 32. Nxc4 Ra1+ 33. Kh2 Rc1 34. Ne3 Bc6 35. Rc4 Kd6 36. Nf5+ Kd7 37. Rxc5 Rxc2 38. f3 g6 39. Ne3 Rxb2 40. Ra5 Rb7 41. Ng4 Ke7 42. Ra6 Bd7 43. Ne3 Be6 44. c4 Rc7 45. Nd5+ Bxd5 46. cxd5 Rc2 47. Ra7+ Kf8 48. Rxh7 g5 49. Ra7 Rd2 50. Kg3 Ke8 51. Ra6 Ke7 52. Ra7+ Kf8 53. Ra1 Kf7 54. Rf1 Kg6 55. Rf2 Rd3 56. Kg4 Rd4 57. Kg3 Rd3 58. Ra2 Rd4 59. Kf2 Rd1 60. Ke2 Rd4 61. Rd2 Ra4 62. d6 Ra8 63. d7 Rd8 64. Kf2 Kf7 65. Kg3 Ke6 66. Kg4 Rxd7 67. Rxd7 Kxd7 68. Kf5 Ke7 69. Kg6 Ke6 70. g3 Ke7 71. h4 gxh4 72. gxh4 Ke6 73. h5 1-0


[Site "https://www.chess.com"]

[Event "Titled Tuesday Blitz August 09 Early 2022"]
[White "Sarana, Alexey"]
[Black "Salem, A.R. Saleh"]
[WhiteFideId "24133795"]
[BlackFideId "9301348"]
[WhiteElo "3072"]
[BlackElo "2909"]
[Result "0-1"]
[Round "06"]
[TimeControl "180+1"]
[Date "2022.08.09"]
[WhiteClock "0:00:05"]
[BlackClock "0:00:16"]

1. d4 d5 2. c4 e6 3. Nc3 Nf6 4. cxd5 exd5 5. Bf4 Bd6 6. Bxd6 Qxd6 7. e3 Bf5 8. Nge2 O-O 9. Ng3 Bg6 10. h4 Re8 11. h5 Rxe3+ 12. Nce2 Rd3 13. Qa4 Be4 14. f3 Nc6 15. fxe4 Nxd4 16. Nf5 Nxf5 17. exf5 Re8 18. Rh3 Re4 19. Qxa7 Qb4+ 20. Kf2 Rxh3 21. gxh3 Qxb2 22. Rd1 h6 23. Qb8+ Re8 24. Qxc7 b5 25. Kg1 Rxe2 26. Bxe2 Qxe2 27. Rf1 Qe3+ 28. Kg2 Ne4 29. Qb8+ Kh7 30. Qf4 Qe2+ 31. Kg1 Nf6 32. Rf2 Qxh5 33. Qf3 Qh4 34. Rg2 Qd4+ 35. Kh2 Ne4 36. Qf4 b4 37. h4 Qf6 38. Kg1 Qb6+ 39. Kh2 Qd8 40. Kg1 Qf6 41. Kh2 Nc3 42. Qxb4 d4 43. Qb8 Qxh4+ 44. Kg1 Qe1+ 45. Kh2 Qh4+ 46. Kg1 Ne4 47. Qe5 Ng5 48. Qg3 Qe4 49. Rf2 Qe1+ 50. Kg2 Qe4+ 51. Kh2 d3 52. f6 gxf6 53. Qf4 Qxf4+ 54. Rxf4 d2 55. Rf1 Nf3+ 56. Kg3 Ne1 57. Rxf6 d1=Q 58. Rxf7+ Kg6 59. Rf1 Qd3+ 60. Kf2 Qd2+ 61. Kg1 Qg2# 0-1


[Site "https://www.chess.com"]

[Event "Titled Tuesday Blitz August 09 Early 2022"]
[White "Sarkar, Justin"]
[Black "Sanchez, Robert"]
[WhiteFideId "2010011"]
[BlackFideId "2034360"]
[WhiteElo "2076"]
[BlackElo "2266"]
[Result "0-1"]
[Round "06"]
[TimeControl "180+1"]
[Date "2022.08.09"]
[WhiteClock "0:00:01"]
[BlackClock "0:01:14"]

1. h3 d5 2. c3 e5 3. d4 Nc6 4. dxe5 Nxe5 5. Bf4 Ng6 6. Bh2 Nf6 7. e3 c6 8. Nf3 Be7 9. Nbd2 O-O 10. Bd3 Re8 11. Qc2 Be6 12. O-O-O b5 13. Nd4 Bd7 14. h4 Bf8 15. h5 Ne5 16. h6 Nxd3+ 17. Qxd3 g6 18. Bf4 Qa5 19. Kb1 c5 20. N4b3 Qb6 21. Qe2 a5 22. f3 a4 23. Nc1 b4 24. c4 d4 25. e4 Bc6 26. Nd3 Nd7 27. g4 Bb7 28. g5 Qc6 29. Rhe1 Nb6 30. Qf2 Ba6 31. Rc1 Qe6 32. Qg3 Nxc4 33. Nxc4 Bxc4 0-1


[Site "https://www.chess.com"]

[Event "Titled Tuesday Blitz August 09 Early 2022"]
[White "Seemann, Jakub"]
[Black "Sztokbant, Bernardo Vainzoff"]
[WhiteFideId "21874697"]
[BlackFideId "2115956"]
[WhiteElo "2064"]
[BlackElo "2209"]
[Result "1/2-1/2"]
[Round "06"]
[TimeControl "180+1"]
[Date "2022.08.09"]
[WhiteClock "0:00:06"]
[BlackClock "0:00:04"]

1. b3 Nf6 2. Bb2 d5 3. Nf3 g6 4. g3 Bg7 5. Bg2 O-O 6. O-O Nc6 7. c4 dxc4 8. bxc4 Bg4 9. h3 Bxf3 10. Bxf3 Nd4 11. Bg2 c5 12. Nc3 Qd7 13. d3 Rad8 14. Rb1 b6 15. Qd2 h5 16. h4 Kh7 17. e3 Nf5 18. Rfd1 Ng4 19. Qe2 Bh6 20. Nd5 e6 21. Nf6+ Nxf6 22. Bxf6 Rde8 23. d4 cxd4 24. exd4 Bg7 25. Bxg7 Kxg7 26. Qb2 Kg8 27. d5 e5 28. c5 bxc5 29. Qb7 Re7 30. Qa6 Nd6 31. Rdc1 Rc8 32. Kh2 e4 33. Bh3 f5 34. Bf1 e3 35. fxe3 Rxe3 36. Re1 Rce8 37. Rxe3 Rxe3 38. Rb8+ Kh7 39. Qc6 Qxc6 40. dxc6 Re7 41. Rd8 Nf7 42. Rd5 Rc7 43. Rxc5 Nd8 44. Bb5 Kg7 45. Rd5 Ne6 46. Rd6 Nc5 47. Kg2 Kf7 48. Kf3 Ne4 49. Rd4 Ke7 50. Kf4 Nd6 51. Ba4 Ne4 52. a3 Nc3 53. Kg5 Nxa4 54. Rxa4 Kf7 55. Rc4 Kg7 56. a4 Kf7 57. a5 a6 58. Rb4 Rxc6 59. Rb7+ Ke6 60. Kxg6 Rc3 61. Rb6+ Ke5 62. Rxa6 Rxg3+ 63. Kxh5 f4 64. Ra8 f3 65. Rf8 Ke4 66. a6 Rg7 67. Rf6 Ke3 68. Kh6 Ra7 69. h5 Ke2 70. Kg5 f2 71. h6 Rxa6 72. Rxa6 f1=Q 73. Re6+ Kd3 74. Rf6 Qc1+ 75. Kg6 Qg1+ 76. Kf7 Qa7+ 77. Kg6 Qe7 78. h7 Qe4+ 79. Kg7 Qg4+ 80. Kf7 Qd7+ 81. Kg6 Qg4+ 82. Kf7 Qh5+ 83. Kg7 Qg5+ 84. Rg6 Qe7+ 85. Kh6 Qh4+ 86. Kg7 Qe7+ 87. Kg8 Qe8+ 88. Kg7 Qe7+ 1/2-1/2


[Site "https://www.chess.com"]

[Event "Titled Tuesday Blitz August 09 Early 2022"]
[White "Senlle Caride, Miguel"]
[Black "Golding, Alex"]
[WhiteFideId "2282500"]
[BlackFideId "427241"]
[WhiteElo "2339"]
[BlackElo "2029"]
[Result "0-1"]
[Round "06"]
[TimeControl "180+1"]
[Date "2022.08.09"]
[WhiteClock "0:00:58"]
[BlackClock "0:02:05"]

1. g3 e5 2. Bg2 d5 3. c4 d4 4. d3 Nc6 5. Nf3 f6 6. O-O Bc5 7. a3 a5 8. Bd2 Bd7 9. e3 Nge7 10. exd4 Nxd4 11. Nxd4 Bxd4 12. Nc3 Bc6 13. Qg4 O-O 14. Bh6 Rf7 15. Nd5 Nxd5 16. cxd5 Bxd5 17. Bxd5 Qxd5 18. Rac1 c6 19. b4 axb4 20. axb4 f5 21. Qg5 Ra2 22. Rb1 Qf3 23. Bxg7 Bxf2+ 24. Rxf2 Qxf2+ 25. Kh1 Qg2# 0-1


[Site "https://www.chess.com"]